Map: Écho EC

Players

AgCl

  • Race: Protoss Protoss

JustTheTip - Winner!

  • Race: Protoss Protoss

VOD

Have the link to the VOD?

Description

Time

  • Played on: May 6, 2015, 8:37 p.m.
  • Length: 5:08
Show
View Real Time Build Order
Export as new Build Order

AgCl Protoss 

Build Orders: Dark Templar Rush 

Get SALT Encoding   

  12  0:19  Pylon  
  12  0:25  Probe  
  13  0:37  Probe  
  13  0:39  Gateway  
  14  0:49  Probe  
  15  0:52  Assimilator  
  15  1:01  Probe (Chrono Boost)  
  16  1:13  Probe (Chrono Boost)  
  16  1:16  Assimilator  
  17  1:21  Probe (Chrono Boost)  
  17  1:23  Pylon  
  18  1:26  Cybernetics Core  
  18  1:31  Zealot (Chrono Boost)  
  20  1:36  Probe (Chrono Boost)  
  22  1:48  Probe (Chrono Boost)  
  22  1:55  Probe (Chrono Boost)  
  23  2:05  Probe  
  23  2:06  Warp Gate (Chrono Boost)  
  24  2:10  Twilight Council  
  24  2:16  Adept  
  24  2:21  Probe  
  27  2:33  Probe  
  27  2:36  Pylon  
  28  2:45  Probe  
  29  2:54  Dark Shrine  
  29  2:57  Probe  
  30  3:07  Gateway  
  30  3:10  Mothership Core  
  30  3:31  Probe  
  31  3:42  Gateway  
  31  3:50  Gateway  
  31  4:07  Dark Templar  
  31  4:08  Dark Templar  
  35  4:13  Nexus  
  35  4:14  Probe  
  36  4:18  Pylon  
  34  4:26  Probe  
  35  4:45  Dark Templar x2  
  37  4:47  Zealot  
Show
View Real Time Build Order
Export as new Build Order

JustTheTip Protoss - Winner!

Build Orders:  

Get SALT Encoding   

  12  0:01  Probe  
  13  0:13  Probe  
  14  0:17  Pylon  
  14  0:36  Gateway, Probe (Chrono Boost)  
  14  0:42  Assimilator  
  15  0:47  Probe (Chrono Boost)  
  16  0:52  Assimilator  
  16  0:54  Probe  
  17  1:06  Probe (Chrono Boost)  
  18  1:16  Probe (Chrono Boost)  
  19  1:21  Pylon  
  19  1:23  Probe  
  19  1:25  Cybernetics Core  
  20  1:35  Probe  
  21  1:45  Gateway  
  21  1:47  Probe  
  22  1:59  Warp Gate (Chrono Boost)  
  23  2:05  Mothership Core (Chrono Boost), Stalker  
  26  2:11  Pylon  
  26  2:25  Probe (Chrono Boost)  
  27  2:31  Probe (Chrono Boost)  
  28  2:44  Nexus  
  28  2:50  Stalker  
  30  2:55  Stalker  
  32  3:00  Probe  
  33  3:06  Pylon  
  33  3:15  Probe  
  34  3:28  Probe  
  35  3:35  Robotics Facility  
  35  3:40  Probe  
  36  3:52  Probe  
  36  3:54  Stargate  
  37  4:04  Probe  
  37  4:09  Sentry  
  40  4:10  Stalker  
  40  4:12  Probe  
  40  4:16  Probe  
  44  4:24  Probe, Observer (Chrono Boost)  
  45  4:28  Probe  
  45  4:29  Pylon  
  44  4:31  Gateway  
  44  4:36  Probe  
  45  4:40  Probe, Observer  
  45  4:43  Stalker x2  
  51  4:54  Probe x2  
  53  5:01  Pylon  
Tags
 
Add a new tag
Caveats
  • Supply blocks, unpowered buildings, or Contaminate may cause inaccurate times.
  • Supply counts are checked every 10 seconds.